 Dungeon Crawl Stone Soup version 0.28-a0-60-g54b5640690 (webtiles) character file.

Game seed: 2505852438447218916

103 bande the Covered (level 4, -2/29 HPs)
             Began as a Gargoyle Fighter on July 30, 2021.
             Slain by a gnoll (6 damage)
             ... on level 1 of the Dungeon.
             The game lasted 00:02:38 (2192 turns).

bande the Covered (Gargoyle Fighter)                Turns: 2192, Time: 00:02:38

Health: -2/29      AC: 13    Str: 19    XL:     4   Next: 79%
Magic:  4/4        EV:  7    Int:  9    God:
Gold:   64         SH:  9    Dex: 10    Spells: 3/3 levels left

rFire   . . .      SeeInvis .   a - +0 war axe
rCold   . . .      Faith    .   c - +0 kite shield
rNeg    + . .      Spirit   .   b - +0 scale mail
rPois   ∞          Reflect  .   h - +2 helmet
rElec   +          Harm     .   (no cloak)
rCorr   .          Rampage  .   (no gloves)
Will    .....                   (no boots)
Stlth   ..........              (no amulet)
HPRegen 0.09/turn               (no ring)
MPRegen 0.09/turn               (no ring)

@: no status effects
A: sickness immunity, AC +3, negative energy resistance 1, electricity
resistance, torment resistance 1, petrification resistance
a: no special abilities


You were on level 1 of the Dungeon.
You visited 1 branch of the dungeon, and saw 2 of its levels.

You collected 64 gold pieces.

Inventory:

Hand Weapons
 a - a +0 war axe (weapon)
Armour
 b - a +0 scale mail (worn)
 c - a +0 kite shield (worn)
 h - a +2 helmet (worn)
Jewellery
 e - a ring of fire
 f - a ring of wizardry
 l - an amulet of faith
Scrolls
 g - 2 scrolls of amnesia {unknown}
 i - a scroll of teleportation {unknown}
 j - a scroll of identify {unknown}
Potions
 d - 2 potions of might
 k - a potion of berserk rage {unknown}


   Skills:
 + Level 3.8 Fighting
 + Level 3.0 Axes
 + Level 4.0 Armour
 + Level 0.3 Dodging
 + Level 3.9 Shields


You had 3 spell levels left.
You didn't know any spells.
Your spell library was empty.

Dungeon Overview and Level Annotations

Branches:
Dungeon (2/15)

Altars:


Innate Abilities, Weirdness & Mutations

You are immune to sickness and miasma.
Your stone body is resilient. (AC +3)
You are immune to poison.
You resist negative energy. (rN+)
You are resistant to electric shocks. (rElec)
You are resistant to unholy torment.
You are immune to petrification.


Message History

Your Axes skill increases to level 3!
Your Armour skill increases to level 4!
No target in view!
No target in view!
No target in view!
No target in view!
You start resting.
HP restored.
You climb downwards.
The gnoll hits you but does no damage. You block the gnoll's attack.
There is a stone staircase leading up here.
You block the gnoll's attack. The gnoll hits you but does no damage.
The gnoll barely misses you.
You climb upwards.
There is a stone staircase leading down here.
You hit the gnoll but do no damage. You barely miss the gnoll.
The gnoll hits you with a +2 flail of protection.
The gnoll barely misses you.
The gnoll hits you with a +2 flail of protection.
You hit the gnoll.
The gnoll is lightly wounded.
You slash the gnoll! You block the gnoll's attack. The gnoll misses you.
The gnoll hits you with a +1 whip of distortion.
Space warps horribly around you!
You are too injured to fight recklessly!
You are too injured to fight recklessly!
You are too injured to fight recklessly!
You are too injured to fight recklessly!
You are too injured to fight recklessly!
You are too injured to fight recklessly!
You are too injured to fight recklessly!
You are too injured to fight recklessly!
You hit the gnoll but do no damage.
The gnoll is lightly wounded.
Your shield and scale mail prevent you from hitting the gnoll.
The gnoll hits you with a +2 flail of protection.
* * * LOW HITPOINT WARNING * * *
The gnoll hits you but does no damage. Space bends around you.
* * * LOW HITPOINT WARNING * * *
The gnoll hits you with a +2 flail of protection.
You die...

...........#...##..#
.........#.##.###..#
.........#.........#
#........###########
.....###.# ######
#.##########
#..........# ####
##########.#####
...# #...@g....#
...# ####.###g###.#
...# #........# #.#
#.## #.#####..# #.#
#.# ##.# #..# #.#
#.# #..# #..# #.#
#.# #..# #.## #.#
..# #..#####.# #.#
### #........# #.#


You could see 2 gnolls.

Vanquished Creatures
  Jessica (D:2)
  Robin (D:1)
  An adder (D:2)
  A gnoll (D:1)
  A dart slug (D:2)
  2 ball pythons (D:1)
  6 endoplasms
  3 giant cockroaches
  10 goblins
  6 hobgoblins
  2 jackals (D:2)
  2 bats
  3 kobolds
  3 rats
42 creatures vanquished.

Notes
Turn   | Place    | Note
-------+----------+-------------------------------------------
     0 | D:1      | bande the Gargoyle Fighter began the quest for the Orb.
     0 | D:1      | Reached XP level 1. HP: 14/14 MP: 1/1
   161 | D:1      | Reached XP level 2. HP: 19/19 MP: 2/2
   572 | D:1      | Found a faded altar of an unknown god.
   824 | D:2      | Noticed Robin
   838 | D:1      | Reached XP level 3. HP: 23/24 MP: 3/3
   953 | D:1      | Killed Robin
  1059 | D:2      | Noticed Jessica
  1078 | D:2      | Killed Jessica
  1079 | D:2      | Reached XP level 4. HP: 19/29 MP: 4/4
  2052 | D:1      | Reached skill level 4 in Armour
  2192 | D:1      | Slain by a gnoll

Illustrated notes

Levels and vault maps discovered:
D:1:      lemuel_arrival_behind_the_door_small, layout_loops_ring,
          ebering_ecumenical_altar_abandoned
D:2:      layout_loops_ring, uniq_jessica, uniq_robin

Skill      XL: |  1  2  3  4 |
---------------+-------------+-----
Axes           | 2 3 |  3.0
Armour         | 4 |  4.0
Fighting       | |  3.8
Dodging        | |  0.3
Shields        | |  3.9

Action                   |  1- 3 |  4- 6 || total
-------------------------+-------+-------++-------
Melee: War axe           |    78 |    50 ||   128
Armor: Scale mail        |    43 |    32 ||    75
Dodge: Dodged            |    26 |    18 ||    44
Block: Kite shield       |    58 |    34 ||    92

Table legend: (Time is in decaauts)
 A = Elapsed time spent in this place.
 B = Non-inter-level travel time spent in this place.
 C = Inter-level travel time spent in this place.
 D = Time resting spent in this place.
 E = Time spent auto-exploring this place.
 F = Levels seen in this place.
 G = Mean time per level.
                   A        B        C        D        E       F      G
               +--------+--------+--------+--------+--------+-----+--------+
         Total |   2273 |   2242 |     31 |    424 |   1407 |   2 | 1136.5 |
       Dungeon |   2273 |   2242 |     31 |    424 |   1407 |   2 | 1136.5 |
               +--------+--------+--------+--------+--------+-----+--------+

Top non-repeatable levels by time:
     D:1: 1208 daAuts
     D:2: 1065 daAuts
